 Dungeon Crawl Stone Soup version 0.28.0-1-gb440e238dd (webtiles) character file.

Game seed: 7916891597181052420

189 fragbeetle the Slasher (level 5, 0/43 HPs)
             Began as a Palentonga Abyssal Knight on Feb 22, 2022.
             Was a Priest of Lugonu.
             Slain by an adder (2 damage)
             ... on level 4 of the Dungeon.
             The game lasted 00:06:28 (3436 turns).

fragbeetle the Slasher (Palentonga Abyssal Knight)  Turns: 3436, Time: 00:06:29

Health: 0/43       AC:  5    Str: 16 (18) XL:     5   Next: 40%
Magic:  6/6        EV:  8    Int:  8 (11) God:    Lugonu [***...]
Gold:   69         SH:  4    Dex:  7 (10) Spells: 4/4 levels left

rFire   . . .      SeeInvis +   a - +1 falchion
rCold   . . .      Faith    .   l - +2 buckler
rNeg    . . .      Spirit   .   b - +0 leather armour
rPois   .          Reflect  .   y - +0 helmet
rElec   .          Harm     .   (no cloak)
rCorr   .          Rampage  .   (no gloves)
Will    .....                   (no barding)
Stlth   +.........              (no amulet)
HPRegen 0.14/turn               (no ring)
MPRegen 0.10/turn               (no ring)

@: no status effects
A: large, rugged brown scales 3, see invisible, deformed body, roll 1, armoured
tail
a: Rolling Charge, Renounce Religion, Depart the Abyss, Bend Space, Banish


You were on level 4 of the Dungeon.
You worshipped Lugonu.
Lugonu was most pleased with you.
You visited 1 branch of the dungeon, and saw 4 of its levels.
You visited the Abyss 1 time.

You collected 69 gold pieces.

Inventory:

Hand Weapons
 a - a +1 falchion (weapon)
Missiles
 d - 26 bolts
 o - 3 javelins
Armour
 b - a +0 leather armour (worn)
 k - a +0 plate armour
 l - a +2 buckler (worn)
 y - a +0 helmet (worn)
Jewellery
 q - a ring of willpower
Scrolls
 e - 2 scrolls of teleportation {unknown}
 f - 3 scrolls of amnesia {unknown}
 g - a scroll of summoning {unknown}
 j - a scroll of vulnerability {unknown}
 m - 3 scrolls of identify {unknown}
 n - a scroll of noise {unknown}
 r - a scroll of enchant armour {unknown}
 t - a scroll of brand weapon {unknown}
 w - a scroll of fear {unknown}
Potions
 h - a potion of berserk rage {unknown}
 i - a potion of flight {unknown}
 p - a potion of haste {unknown}
 s - a potion of curing {unknown}
 u - a potion of lignification {unknown}
 v - a potion of heal wounds {unknown}
 x - a potion of brilliance {unknown}
 z - a potion of cancellation {unknown}
 A - a potion of invisibility {unknown}


   Skills:
 - Level 3.0 Fighting
 + Level 5.7 Long Blades
 - Level 1.5 Armour
 - Level 0.7 Dodging
 - Level 2.0 Invocations


You had 4 spell levels left.
You didn't know any spells.
Your spell library contained the following spells:

 Spells                   Type           Power      Damage    Failure   Level
 Stone Arrow              Conj/Erth      0%         3d7       90%         3
 Animate Armour           Summ/Erth      0%         N/A       100%        4
 Lehudib's Crystal Spear  Conj/Erth      0%         10d2      100%        8


Dungeon Overview and Level Annotations

Branches:
Dungeon (4/15)
 Temple: D:4-7

Altars:
Vehumet
Xom
Zin

Portals:
Abyss: D:3

Annotations:
D:3 2 transporters, Sigmund; pkoi's ghost, amateur DrMo


Innate Abilities, Weirdness & Mutations

You are completely covered in rugged brown scales. (AC +3, +7% HP)
You have supernaturally acute eyesight. (SInv)
Armour fits poorly on your strangely shaped body.
You can roll at nearby foes to attack.
You have a long armoured tail.


Message History

There is a stone staircase leading down here.
You climb downwards.
The ogre shouts!
Found 16 gold pieces.
Found an escape hatch in the floor.
There is a stone staircase leading up here.
Unknown command.
Throw: 4 javelins
Press: ? - help, Shift-Dir - straight line, f - ogre
Aim: an ogre, wielding a +0 giant club (72% to hit)
You throw a javelin. The javelin pierces through the ogre.
The ogre is moderately wounded.
A scorpion comes into view.
You hit the ogre but do no damage.
The ogre is moderately wounded.
The ogre barely misses you.
You hit the ogre.
The ogre is moderately wounded.
The ogre barely misses you.
A hobgoblin comes into view.
Found a ring mail.
The hobgoblin shouts!
You closely miss the ogre.
The ogre is moderately wounded.
The ogre barely misses you.
You slash the ogre!
The ogre is severely wounded.
The ogre hits you with a +0 giant club!!
Ouch! That really hurt!
* * * LOW HITPOINT WARNING * * *
You hear an angry hiss.
An adder comes into view.
The adder hisses angrily.
The adder bites you but does no damage.
Found a hunting sling.
The adder bites you.
* * * LOW HITPOINT WARNING * * *
It was a potion of degeneration.
There was something very wrong with that liquid.
You feel weakened.
You feel dopey.
You feel clumsy. The adder bites you.
You die...

.. #. . #. .#####
#. .. .(... ## #.
. #... .. #. .
.#.$##.# #.
.##.#.....#
#.###..)#<..#####
#.@SO.###........
####..#.O.....###
#...g#.#>....#
#..[.s.s#....#
#.......#^####
#..........
##.....#.....
#.....#.....
#.....#......


You could see an ogre, a scorpion, an adder and a hobgoblin.

Vanquished Creatures
  Terence (D:2)
  Robin (D:3)
  7 adders
  A worm (D:2)
  4 dart slugs
  An orc (D:3)
  5 ball pythons
  7 bats
  7 endoplasms
  5 giant cockroaches
  15 goblins
  6 hobgoblins
  2 jackals (D:1)
  2 quokkas (D:1)
  5 frilled lizards
  6 kobolds
  A rat (D:2)
76 creatures vanquished.

Vanquished Creatures (others)
  5 plants (D:2)
  14 withered plants (D:2)
19 creatures vanquished.

Grand Total: 95 creatures vanquished

Notes
Turn   | Place    | Note
-------+----------+-------------------------------------------
     0 | Abyss:1  | fragbeetle the Palentonga Abyssal Knight began the quest
                  | for the Orb.
     0 | Abyss:1  | Reached XP level 1. HP: 19/19 MP: 2/2
    25 | D:1      | Escaped the Abyss
   177 | D:1      | Reached XP level 2. HP: 11/25 MP: 3/3
   452 | D:1      | Reached skill level 3 in Long Blades
   621 | D:1      | Reached ** piety under Lugonu
   882 | D:1      | Reached XP level 3. HP: 29/31 MP: 4/4
  1359 | D:2      | Reached skill level 4 in Long Blades
  1703 | D:2      | Reached XP level 4. HP: 18/37 MP: 5/5
  1901 | D:2      | Found a faded altar of an unknown god.
  2155 | D:2      | Noticed Terence
  2233 | D:2      | Killed Terence
  2234 | D:2      | Reached skill level 5 in Long Blades
  2736 | D:3      | Reached XP level 5. HP: 26/43 MP: 6/6
  2883 | D:3      | Noticed Sigmund
  2950 | D:3      | Found a radiant altar of Vehumet.
  2951 | D:3      | Found a glowing silver altar of Zin.
  2952 | D:3      | Found a shimmering altar of Xom.
  3129 | D:3      | Found a transporter.
  3165 | D:3      | Found a transporter.
  3177 | D:3      | Found a one-way gate to the infinite horrors of the Abyss.
  3177 | D:3      | Noticed pkoi's ghost (amateur DrMo)
  3266 | D:3      | Reached *** piety under Lugonu
  3269 | D:3      | Noticed Robin
  3277 | D:3      | Killed Robin
  3421 | D:4      | Noticed an ogre
  3433 | D:4      | HP: 2/43 [adder (4)]
  3436 | D:4      | Slain by an adder

Illustrated notes

Levels and vault maps discovered:
D:1:      elethiomel_arrival_infinity_welcomes_careful_drivers, layout_basic
D:2:      layout_basic, shapermc_ecumenical_altar_flowoftime, uniq_terence
D:3:      layout_rooms, chequers_temple_overflow_statue_of_worship,
          gammafunk_ghost_abyssal_escape, serial_corexii_hall,
          chequers_hall_statues_y, chequers_hall_statues_wall_a,
          corexii_hall_statues_l, corexii_hall_statues_i,
          corexii_hall_statues_t, chequers_hall_statues_corner_a,
          minmay_misc_feat_tower, minmay_starry_boxes, uniq_sigmund,
          uniq_natasha, uniq_robin
D:4:      layout_basic, nrook_campfire, guppyfry_shop_venom, uniq_pikel,
          uniq_edmund

Skill      XL: |  1  2  3  4 |
---------------+-------------+-----
Long Blades    | 3 4 5 |  5.7
Fighting       | |  3.0
Armour         | |  1.5
Dodging        | |  0.7
Invocations    | |  2.0

Action                   |  1- 3 |  4- 6 || total
-------------------------+-------+-------++-------
Melee: Falchion          |   103 |   104 ||   207
       Tailslap          |    13 |     8 ||    21
       Punch             |     2 |       ||     2
Throw: Javelin           |       |     5 ||     5
 Abil: Rolling Charge    |    17 |     1 ||    18
  Use: Potion            |       |     1 ||     1
Armor: Leather armour    |    39 |    41 ||    80
Dodge: Dodged            |    45 |    43 ||    88
Block: Buckler           |     9 |    18 ||    27
